 Seeded DCSS version 0.28.0-53-g5a82cb258f (webtiles) character file.

Game seed: 1 (custom seed)

1064 Kazon the Slasher (level 8, -16/69 HPs)
             Began as a Minotaur Fighter on July 12, 2022.
             Was an Initiate of Okawaru.
             Demolished by an ogre
             ... wielding a +0 giant club
              (21 damage)
             ... on level 5 of the Dungeon.
             The game lasted 00:15:10 (3623 turns).

Kazon the Slasher (Minotaur Fighter)                Turns: 3623, Time: 00:15:10

Health: -16/69     AC:  8    Str: 21    XL:     8   Next: 6%
Magic:  6/6        EV: 10    Int: 11    God:    Okawaru [......]
Gold:   103        SH:  5    Dex: 10    Spells: 7/7 levels left

rFire   . . .      SeeInvis .   a - +0 long sword
rCold   + . .      Faith    .   c - +0 buckler
rNeg    . . .      Spirit   .   b - +0 scale mail
rPois   .          Reflect  .   (helmet restricted)
rElec   .          Harm     .   (no cloak)
rCorr   +          Rampage  .   j - +0 pair of gloves
Will    .....                   (no boots)
Stlth   ..........              u - amulet of Ru's Wrath {Regen+ rCorr Int+4}
HPRegen 1.01/turn               v - ring of protection from cold
MPRegen 0.10/turn               (no ring)

@: studying Air Magic
A: horns 2, retaliatory headbutt, low MP 1
a: Renounce Religion


You were on level 5 of the Dungeon.
You worshipped Okawaru.
Okawaru was noncommittal.
You visited 1 branch of the dungeon, and saw 5 of its levels.

You collected 103 gold pieces.

Inventory:

Hand Weapons
 a - a +0 long sword (weapon)
Missiles
 e - 136 stones (quivered)
 f - 6 boomerangs
Armour
 b - a +0 scale mail (worn)
 c - a +0 buckler (worn)
 j - a +0 pair of gloves (worn)
Jewellery
 i - a ring of wizardry
 o - an amulet of reflection
 u - the amulet of Ru's Wrath (around neck) {Regen+ rCorr Int+4}
   (You acquired it on level 3 of the Dungeon)

   [amulet of regeneration]

   Int:       It affects your intelligence (+4).
   Regen:     It increases your rate of health regeneration.
   rCorr:     It protects you from acid and corrosion.
 v - a ring of protection from cold (left hand)
Scrolls
 h - 4 scrolls of identify {unknown}
 l - 2 scrolls of magic mapping {unknown}
 n - 2 scrolls of vulnerability {unknown}
 s - 2 scrolls of teleportation {unknown}
 w - a scroll of fog {unknown}
 x - a scroll of summoning {unknown}
Potions
 d - a potion of might
 g - 3 potions of flight {unknown}
 k - a potion of mutation
 m - a potion of degeneration {unknown}
 p - 4 potions of curing
 q - a potion of ambrosia {unknown}
 r - a potion of heal wounds {unknown}
 t - a potion of haste {unknown}


   Skills:
 + Level 5.6 Fighting
 + Level 6.8 Long Blades
 + Level 3.1 Throwing
 + Level 6.2 Armour
 + Level 2.3 Dodging
 + Level 1.1 Stealth
 + Level 5.0 Shields
 * Level 0.3 Invocations


You had 7 spell levels left.
You didn't know any spells.
Your spell library was empty.

Dungeon Overview and Level Annotations

Branches:
Dungeon (5/15)
 Temple: D:4-7

Altars:
Okawaru

Shops:
D:5 *

Annotations:
D:3 3 runed translucent doors, turdburglar's ghost, amateur TrTm


Innate Abilities, Weirdness & Mutations

You have a pair of horns on your head.
You reflexively headbutt those who attack you in melee.
Your magical capacity is low. (-10% MP)


Message History

The howler monkey is severely wounded.
The howler monkey barely misses you.
Your unstable footing causes you to fumble your attack.
The howler monkey hoots and howls with incredible vigour!
You hear a shout!
You hear an angry hiss.
You slash the howler monkey!
You kill the howler monkey!
Okawaru accepts your kill.
Your Dodging skill increases to level 2!
Found an escape hatch in the ceiling.
The bullfrog zombie hits the plant.
The plant begins to die.
The bullfrog zombie completely misses the plant.
Something hits the plant.
The plant begins to die.
You enter the shallow water.
Moving in this stuff is going to be slow.
Something hits the plant.
The black bear bites the plant.
The plant begins to die.
The black bear claws the plant. x2
Something hits the plant.
You see here 19 arrows.
An ogre comes into view. It is wielding a +0 giant club.
The ogre shouts!
Found Ebynu's Overcharged Wands.
The ogre hits you with a +0 giant club!!
You hit the ogre but do no damage.
The ogre hits you with a +0 giant club!!
You hit the ogre. Your headbutt misses the ogre.
The ogre is lightly wounded.
The ogre closely misses you. You furiously retaliate!
You headbutt the ogre! You slash the ogre!
The ogre is severely wounded.
An adder comes into view.
The ogre hits you with a +0 giant club!!
* * * LOW HITPOINT WARNING * * *
You barely miss the ogre.
The ogre is severely wounded.
The adder hisses angrily.
You hit the ogre. Your headbutt misses the ogre.
The ogre is almost dead.
The ogre hits you with a +0 giant club!!
You die...

#.# ...#.. #.# .∩...# ##.#
.S.#.# #..# #.#.. #.##
.... #.# #.. #.# #O# #.#
#@# #.# #.# #.#
#.########.# #..(.......#
#########.##
########################.#
.........................#
##########################


You could see an ogre and an adder.

Vanquished Creatures
  Grinder (D:3)
  Sigmund (D:3)
  An ogre (D:4)
  A bullfrog (D:4)
  A scorpion (D:4)
  A wyvern skeleton (D:5)
  A howler monkey (D:5)
  3 hounds
  A jelly (D:4)
  An orc priest (D:3)
  A centaur skeleton (D:3)
  An iguana (D:5)
  Terence (D:2)
  An orc wizard (D:4)
  A hound skeleton (D:4)
  3 gnolls (D:4)
  2 adders (D:3)
  A dart slug (D:1)
  9 orcs
  6 endoplasms
  5 giant cockroaches
  8 goblins
  6 hobgoblins
  12 jackals
  3 kobolds
  A quokka (D:3)
  7 ball pythons
  10 bats
  A frilled lizard (D:3)
  5 rats
96 creatures vanquished.

Vanquished Creatures (others)
  11 plants (D:5)
11 creatures vanquished.

Grand Total: 107 creatures vanquished

Notes
Turn   | Place    | Note
-------+----------+-------------------------------------------
     0 | D:1      | Kazon the Minotaur Fighter began the quest for the Orb.
     0 | D:1      | Reached XP level 1. HP: 19/19 MP: 0/0
   225 | D:1      | Reached XP level 2. HP: 27/27 MP: 1/1
   402 | D:1      | Found a faded altar of an unknown god.
   969 | D:2      | Noticed Terence
   978 | D:2      | Killed Terence
   979 | D:2      | Reached XP level 3. HP: 9/33 MP: 2/2
  1367 | D:2      | Gained mutation: You are covered in fur. (AC +1) [potion of
                  | mutation]
  1367 | D:2      | Gained mutation: Your magical capacity is low. (-10% MP)
                  | [potion of mutation]
  1367 | D:2      | Lost mutation: You are covered in fur. (AC +1) [potion of
                  | mutation]
  1475 | D:2      | Reached XP level 4. HP: 31/40 MP: 2/2
  1856 | D:3      | Reached skill level 1 in Throwing
  1860 | D:3      | Reached skill level 1 in Dodging
  2215 | D:3      | Reached skill level 1 in Stealth
  2215 | D:3      | Reached XP level 5. HP: 45/46 MP: 3/3
  2361 | D:3      | Identified a scroll of acquirement
  2361 | D:3      | Acquired the amulet of Ru's Wrath {Regen+ rCorr Int+4}
  2539 | D:3      | Noticed Sigmund
  2548 | D:3      | Killed Sigmund
  2549 | D:3      | Reached skill level 5 in Long Blades
  2549 | D:3      | Reached XP level 6. HP: 53/55 MP: 4/4
  2609 | D:3      | Noticed Grinder
  2610 | D:3      | Paralysed by Grinder for 6 turns
  2620 | D:3      | Killed Grinder
  2621 | D:3      | Reached skill level 5 in Fighting
  2621 | D:3      | Reached skill level 5 in Armour
  2621 | D:3      | Reached XP level 7. HP: 19/61 MP: 5/5
  2676 | D:3      | Found a runed translucent gate.
  2676 | D:3      | Found a runed translucent gate.
  2676 | D:3      | Found a runed translucent gate.
  2676 | D:3      | Noticed turdburglar's ghost (amateur TrTm)
  3079 | D:4      | Found an iron altar of Okawaru.
  3082 | D:4      | Became a worshipper of Warmaster Okawaru
  3298 | D:4      | Reached skill level 5 in Shields
  3408 | D:5      | Entered Level 5 of the Dungeon
  3451 | D:5      | Reached XP level 8. HP: 63/69 MP: 6/6
  3617 | D:5      | Found Ebynu's Overcharged Wands.
  3621 | D:5      | HP: 3/69 [ogre/+0 giant club (24)]
  3623 | D:5      | Demolished by an ogre

Illustrated notes

Levels and vault maps discovered:
D:1:      zelgadis_glass_arrival_small, layout_basic,
          dreamdust_ecumenical_altar_grove
D:2:      layout_rooms, uniq_terence
D:3:      layout_basic, gammafunk_ghost_necromancy, uniq_grinder, uniq_sigmund
D:4:      layout_loops_cross, kennysheep_mini_moat
D:5:      layout_cave_pools, serial_bayou, serial_bayou_pond_d,
          serial_bayou_lagoon_b, serial_bayou_crossing, serial_bayou_pond_a,
          serial_bayou_lagoon_a, serial_shops, shop,
          nicolae_shop_overcharged_wands

Skill      XL: |  1  2  3  4  5  6  7  8 |
---------------+-------------------------+-----
Fighting       | 4 5 |  5.6
Armour         | 4 5 6 |  6.2
Shields        | 4 5 |  5.0
Long Blades    | 3 5 6 |  6.8
Throwing       | 1 2 3 |  3.1
Dodging        | 1 2 |  2.3
Stealth        | 1 |  1.1
Invocations    | |  0.3

Action                   |  1- 3 |  4- 6 |  7- 9 || total
-------------------------+-------+-------+-------++-------
Melee: Long sword        |    88 |    72 |    99 ||   259
       Headbutt          |     9 |     6 |    14 ||    29
Throw: Stone             |    45 |    22 |    19 ||    86
       Boomerang         |       |       |     3 ||     3
  Use: Potion            |     1 |     1 |       ||     2
       Scroll            |       |     1 |       ||     1
Armor: Scale mail        |    27 |    30 |    42 ||    99
Dodge: Dodged            |    43 |    34 |    33 ||   110
Block: Buckler           |    18 |    27 |    13 ||    58
